 Dungeon Crawl Stone Soup version 0.29.0-11-gd7f09526c8 (webtiles) character file.

Game seed: 16410555145459127343

762 drizztl the Conjurer (level 8, -9/54 HPs)
             Began as a Human Conjurer on Aug 27, 2022.
             Was an Initiate of Sif Muna.
             Mangled by a fire elemental (12 damage)
             ... created by the fiery vengeance of Ignis
             ... on level 5 of the Dungeon on Sept 3, 2022.
             The game lasted 01:11:22 (7317 turns).

drizztl the Conjurer (Human Conjurer)               Turns: 7317, Time: 01:11:23

Health: -9/54      AC:  4    Str:  8    XL:     8   Next: 8%
Magic:  14/14      EV: 11    Int: 21    God:    Sif Muna [......]
Gold:   205        SH:  0    Dex: 11    Spells: 10/16 levels left

rFire   x . .      SeeInvis .   t - +3 dagger
rCold   + . .      Faith    .   (no shield)
rNeg    . . .      Spirit   .   w - +0 leather armour
rPois   .          Reflect  .   (no helmet)
rElec   .          Harm     .   i - +0 cloak
rCorr   .          Rampage  .   (no gloves)
Will    .....                   (no boots)
Stlth   ++........              f - amulet of the acrobat
HPRegen 0.18/turn               o - ring of ice
MPRegen 0.14/turn               (no ring)

@: about to teleport
A: no striking features
a: Renounce Religion


You were on level 5 of the Dungeon.
You worshipped Sif Muna.
Sif Muna was noncommittal.
You visited 2 branches of the dungeon, and saw 7 of its levels.

You collected 205 gold pieces.

Inventory:

Hand Weapons
 t - a +3 dagger (weapon)
 A - a +1 vampiric dagger
 C - a +0 short sword
 I - a +0 shortbow
Missiles
 j - 3 boomerangs
 k - 3 poisoned darts
Armour
 a - a +0 robe
 i - a +0 cloak (worn)
 w - a +0 leather armour (worn)
 y - a +0 robe
Magical Staves
 q - a staff of cold
 B - a staff of air
Jewellery
 f - an amulet of the acrobat (around neck)
 o - a ring of ice (left hand)
Wands
 H - a wand of polymorph (9)
Scrolls
 h - a scroll of amnesia {unknown}
 l - a scroll of fog {unknown}
 m - 2 scrolls of teleportation
 n - 3 scrolls of poison {unknown}
 p - 2 scrolls of noise {unknown}
 r - a scroll of immolation {unknown}
 s - a scroll of vulnerability {unknown}
 u - 5 scrolls of identify {unknown}
 G - a scroll of enchant weapon {unknown}
Potions
 b - 2 potions of magic
 c - 4 potions of lignification {unknown}
 d - 2 potions of curing {unknown}
 v - a potion of ambrosia {unknown}
 x - a potion of invisibility {unknown}
 z - a potion of haste {unknown}
 E - 4 potions of heal wounds {unknown}
 F - a potion of mutation {unknown}


   Skills:
 + Level 1.0 Fighting
 + Level 1.8 Short Blades
 + Level 0.1 Maces & Flails
 + Level 2.3 Armour
 + Level 2.7 Dodging
 + Level 3.4 Stealth
 + Level 4.5 Spellcasting
 + Level 6.3 Conjurations


You had 10 spell levels left.
You knew the following spells:

 Your Spells              Type           Power      Damage    Failure   Level
a - Magic Dart            Conj           100%       1d8       1%          1
b - Searing Ray           Conj           62%        2d6       1%          2
c - Dazzling Flash        Conj/Hex       36%        N/A       13%         3

Your spell library contained the following spells:

 Spells                   Type           Power      Damage    Failure   Level
 Sublimation of Blood     Necr           4%         N/A       24%         2
 Fulminant Prism          Conj/Hex       9%         3d7       41%         4
 Iskenderun's Mystic Bla  Conj/Tloc      18%        2d6       41%         4
 Irradiate                Conj/Tmut      9%         3d14      77%         5
 Petrify                  Tmut/Erth      4%         N/A       85%         4


Dungeon Overview and Level Annotations

Branches:
Dungeon (6/15)             Temple (1/1) D:5

Altars:
Ashenzari
Dithmenos
Elyvilon
Fedhas
Gozag
Hepliaklqana
Ru
Sif Muna
Vehumet
Xom
Zin
Ignis

Shops:
D:3 *   D:4 **   D:5 *


Message History

Okay, then.
Cast which spell? (? or * to list)
Okay, then.
Cast which spell? (? or * to list)
Okay, then.
Things that are here:
a +0 halberd; a +0 ring mail You now have 205 gold pieces (gained 20).
You see here a +0 morningstar.
Things that are here:
a +0 chain mail; a +0 whip Done exploring.
Done exploring.
Done exploring. "Burn!
Burn until nothing is left!" 2 fire elementals come into view.
There are monsters nearby!
There are monsters nearby!
The fire elemental completely misses you.
The fire elemental completely misses you.
The fire elemental misses you. The fire elemental misses you.
The fire elemental completely misses you.
The fire elemental misses you. x2
There is a stone staircase leading down here.
The fire elemental hits you. The fire elemental burns you!
The fire burns you terribly! The fire elemental hits you.
The fire elemental burns you! The fire burns you terribly!
You climb downwards.
There is a stone staircase leading up here.
The fire elemental barely misses you. The fire elemental hits you.
The fire elemental burns you! The fire burns you terribly!
* * * LOW HITPOINT WARNING * * *
You climb upwards.
There is a stone staircase leading down here.
As you read the scroll labelled EZALAD LEETSOKU, it crumbles to dust.
You feel strangely unstable.
It was a scroll of teleportation.
The fire elemental closely misses you. x3; The fire elemental hits you.
The fire elemental burns you! The fire burns you terribly!
You die...

..##..## ######## .[#....#
#...##.### ......#### #...##...##
...)...#.#### ##........#
....).......###.........#
........................#
............°.#.......###
...........####E.##...###
.###......☼#####@.......#
####.............E......#
###.....#....#..#...[..##
.##..##.....#####.......###
.....##..#...###..#.......#######
..#.##..<#....##..#...#..##......
#####....##.#..#..#...##......###
##..######.....#..###......#8.
####..#..# ####......##......###


You could see 2 fire elementals.

Vanquished Creatures
  An ice beast (D:5)
  A black bear (D:5)
  A centaur (D:5)
  A scorpion (D:5)
  A hound (D:5)
  2 jellies (D:5)
  3 orc priests
  An iguana (D:4)
  4 orc wizards
  5 adders
  An ufetubus (D:5)
  2 dart slugs
  10 orcs
  6 endoplasms
  5 giant cockroaches
  6 goblins
  4 hobgoblins
  3 jackals (D:1)
  5 kobolds
  7 quokkas
  9 ball pythons
  7 bats
  3 frilled lizards
  5 rats
93 creatures vanquished.

Vanquished Creatures (others)
  A plant (D:1)
1 creature vanquished.

Grand Total: 94 creatures vanquished

Notes
Turn   | Place    | Note
-------+----------+-------------------------------------------
     0 | D:1      | drizztl the Human Conjurer began the quest for the Orb.
     0 | D:1      | Reached XP level 1. HP: 13/13 MP: 3/3
   291 | D:1      | Reached XP level 2. HP: 3/19 MP: 3/5
   546 | D:1      | Learned a level 2 spell: Searing Ray
   579 | D:1      | Found a faded altar of an unknown god.
   586 | D:1      | Prayed at the altar of an unknown god.
   586 | D:1      | Became a worshipper of Ignis, the Dying Flame
   990 | D:1      | Reached XP level 3. HP: 24/24 MP: 2/6
  2053 | D:2      | Reached skill level 5 in Conjurations
  2053 | D:2      | Reached XP level 4. HP: 29/30 MP: 0/7
  2678 | D:3      | Found a hazy altar of Hepliaklqana.
  2970 | D:3      | Learned a level 3 spell: Dazzling Flash
  3128 | D:3      | Found a white marble altar of Elyvilon.
  4031 | D:3      | Found Deajec's General Store.
  4467 | D:4      | Found Kuhiev's Assorted Antiques.
  4592 | D:4      | Reached XP level 5. HP: 31/35 MP: 4/9
  5236 | D:4      | Found Fugg's Mayhem Merchandise.
  5276 | D:4      | Reached XP level 6. HP: 42/42 MP: 5/10
  5552 | D:5      | Entered Level 5 of the Dungeon
  5701 | D:5      | Reached skill level 1 in Short Blades
  5701 | D:5      | Reached skill level 1 in Armour
  5921 | D:5      | Noticed an ice beast
  5922 | D:5      | Found a staircase to the Ecumenical Temple.
  5986 | D:5      | Reached XP level 7. HP: 47/47 MP: 8/12
  6323 | D:5      | Reached skill level 6 in Conjurations
  6417 | D:5      | Reached skill level 1 in Fighting
  6429 | D:5      | Found Gozag's Platinum Reserve.
  6459 | Temple   | Entered the Ecumenical Temple
  6636 | Temple   | Fell from the grace of Ignis
  6636 | Temple   | Became a worshipper of Sif Muna the Loreminder
  6688 | D:5      | Found an opulent altar of Gozag.
  6862 | D:5      | Reached XP level 8. HP: 28/54 MP: 6/14
  7147 | D:5      | Upgraded the game from 0.29.0-4-gdea44cf6ec to
                  | 0.29.0-11-gd7f09526c8
  7301 | D:5      | Noticed a fire elemental
  7301 | D:5      | Noticed a fire elemental
  7315 | D:6      | HP: 2/54 [fire elemental[the fiery vengeance of Ignis]
                  | (18)]
  7317 | D:5      | Mangled by a fire elemental

Illustrated notes

Levels and vault maps discovered:
D:1:      dpeg_arrival_stone_temple_mockup, layout_loops_ring,
          dilly_ecumenical_altar_fadedgnrine, st_stairs_14, serial_park_tiny_2
D:2:      layout_loops_ring
D:3:      layout_basic, amcnicky_altar_gilded, general_overflow_altar,
          serial_co_window_serial, co_window_corner_a, co_window_paths_b,
          co_window_paths_b, co_window_paths_b, co_window_of_opportunity_a,
          co_window_paths_c, co_window_2corner, co_window_2corner,
          co_window_of_opportunity_b, co_window_2corner, co_window_broadway_b,
          glass_columns_a, serial_shops, nicolae_square_shop, st_stairs_4
D:4:      layout_cave_pools, serial_shops, shop, minmay_shop_mayhem
D:5:      layout_cave_pools, nicolae_gozag_zags_fifth_avenue,
          minmay_temple_entry_offerings, minmay_misc_feat_hallway
D:6:      layout_loops_ring, mainiacjoe_overflow_catch_the_wave,
          gammafunk_ghost_nasty_kobolds
Temple:   nicolae_temple_superstar

Skill      XL: |  1  2  3  4  5  6  7 |
---------------+----------------------+-----
Conjurations   | 5 6 |  6.3
Spellcasting   | 3 4 |  4.5
Stealth        | 3 |  3.4
Short Blades   | 1 |  1.8
Armour         | 1 2 |  2.3
Fighting       | 1 |  1.0
Maces & Flails | |  0.1
Dodging        | |  2.7

Action                   |  1- 3 |  4- 6 |  7- 9 || total
-------------------------+-------+-------+-------++-------
Melee: Whip              |    24 |       |       ||    24
       Dagger            |     8 |    24 |     3 ||    35
       Punch             |     1 |       |       ||     1
 Cast: Magic Dart        |    57 |    87 |    29 ||   173
       Searing Ray       |       |     3 |     6 ||     9
  Use: Potion            |     1 |       |       ||     1
       Scroll            |       |       |     1 ||     1
Armor: Robe              |     4 |     5 |       ||     9
       Leather armour    |       |     4 |     4 ||     8
Dodge: Dodged            |    41 |    23 |    17 ||    81
